ORI
UNIVERSITY OF NEBRASKA CORNHUSKERS @ UNIVERSITY OF MIAMI HURRICANES
12/25/2046
 
TOP OF THE 1ST
University of Nebraska Cornhuskers batting - Pitching for University of Miami Hurricanes : RHP Brandon Papa
Pitching: RHP Brandon Papa
Batting: RHB Chris Anthony 0-0: Swinging Strike
0-1: Swinging Strike
0-2: Ball
1-2: Ball
2-2: Foul Ball, location: 2F
2-2: Strikes out swinging
Batting: RHB Nathaniel Adderley 0-0: Swinging Strike
0-1: Fly out, F6 (Popup, 6MS, EV 79.4 MPH)
Batting: RHB Zion Jones 0-0: Called Strike
0-1: SOLO HOME RUN (Flyball, 89XD, EV 95.0 MPH), Distance : 372 ft
Batting: LHB Bob Appleby 0-0: SINGLE (Line Drive, 3D, EV 100.6 MPH)
Batting: SHB Kent Worboys 0-0: Ball
1-0: Ball
2-0: Fly out, F7 (Flyball, 7LD, EV 101.9 MPH)
Top of the 1st over - 1 run, 2 hits, 0 errors, 1 left on base; University of Nebraska 1 - University of Miami 0
BOTTOM OF THE 1ST
University of Miami Hurricanes batting - Pitching for University of Nebraska Cornhuskers : RHP Bobby Almonte
Pitching: RHP Bobby Almonte
Batting: RHB C.J. Fleet 0-0: Ball
1-0: Ground out 5-3 (Groundball, 5S, EV 70.0 MPH)
Batting: RHB Sam Costello 0-0: Ball
1-0: Swinging Strike
1-1: Ball
2-1: Foul Ball, location: 2F
2-2: Foul Ball, location: 2F
2-2: Foul Ball, location: 2F
2-2: Strikes out looking
Batting: LHB Juan Zuniga 0-0: Called Strike
0-1: Ball
1-1: Ball
2-1: Ball
3-1: Foul Ball, location: 2F
3-2: Base on Balls
Batting: RHB Chris Zubia 0-0: Called Strike
0-1: Ball
1-1: Ball
Juan Zuniga is caught stealing 2nd base 2-4
Bottom of the 1st over - 0 runs, 0 hits, 0 errors, 0 left on base; University of Nebraska 1 - University of Miami 0
TOP OF THE 2ND
University of Nebraska Cornhuskers batting - Pitching for University of Miami Hurricanes : RHP Brandon Papa
Batting: SHB Gary Luckwell 0-0: Ball
1-0: Called Strike
1-1: Ground out U3 (Groundball, 34, EV 100.6 MPH)
Batting: RHB Tariq Garane 0-0: Ball
1-0: Ball
2-0: Foul Ball, location: 2F
2-1: Ball
3-1: Ground out 1-3 (Groundball, 13, EV 64.4 MPH)
Batting: RHB Will England 0-0: Called Strike
0-1: Ball
1-1: Ball
2-1: Called Strike
2-2: Ball
3-2: Strikes out swinging
Top of the 2nd over - 0 runs, 0 hits, 0 errors, 0 left on base; University of Nebraska 1 - University of Miami 0
BOTTOM OF THE 2ND
University of Miami Hurricanes batting - Pitching for University of Nebraska Cornhuskers : RHP Bobby Almonte
Batting: RHB Chris Zubia 0-0: Called Strike
0-1: Foul Ball, location: 2F
0-2: Strikes out swinging
Batting: RHB Luis Sanchez 0-0: Swinging Strike
0-1: Ball
1-1: Swinging Strike
1-2: Foul Ball, location: 2F
1-2: Ball
2-2: Foul Ball, location: 2F
2-2: Foul Ball, location: 2F
2-2: Foul Ball, location: 2F
2-2: Foul Ball, location: 2F
2-2: Strikes out looking
Batting: SHB Taylor Shelton 0-0: Fly out, F8 (Flyball, 8RD, EV 96.2 MPH)
Bottom of the 2nd over - 0 runs, 0 hits, 0 errors, 0 left on base; University of Nebraska 1 - University of Miami 0
TOP OF THE 3RD
University of Nebraska Cornhuskers batting - Pitching for University of Miami Hurricanes : RHP Brandon Papa
Batting: RHB Danny Forbes 0-0: Ball
1-0: Foul Ball, location: 2F
1-1: Fly out, F9 (Flyball, 89S, EV 86.2 MPH)
Batting: RHB Chris Anthony 0-0: SINGLE (Flyball, 4D, EV 90.0 MPH)
Batting: RHB Nathaniel Adderley 0-0: Ball
1-0: Swinging Strike
1-1: Foul Ball, location: 2F
1-2: Strikes out swinging
Batting: RHB Zion Jones 0-0: Ball
1-0: Ball
2-0: Swinging Strike
2-1: Ball
Chris Anthony is caught stealing 2nd base 2-4
Top of the 3rd over - 0 runs, 1 hit, 0 errors, 0 left on base; University of Nebraska 1 - University of Miami 0
BOTTOM OF THE 3RD
University of Miami Hurricanes batting - Pitching for University of Nebraska Cornhuskers : RHP Bobby Almonte
Batting: LHB Dennis Jones 0-0: Ball
1-0: Ball
2-0: Swinging Strike
2-1: Foul Ball, location: 2F
2-2: Fly out, F9 (Flyball, 9, EV 87.5 MPH)
Batting: LHB Addergoole Kartosuwiryo 0-0: Foul Ball, location: 2F
0-1: Ball
1-1: Ball
2-1: Ball
3-1: Called Strike
3-2: Fly out, F8 (Flyball, 8LM, EV 92.5 MPH)
Batting: LHB Jose Lopez 0-0: Ball
1-0: Swinging Strike
1-1: Foul Ball, location: 2F
1-2: Strikes out swinging
Bottom of the 3rd over - 0 runs, 0 hits, 0 errors, 0 left on base; University of Nebraska 1 - University of Miami 0
TOP OF THE 4TH
University of Nebraska Cornhuskers batting - Pitching for University of Miami Hurricanes : RHP Brandon Papa
Batting: RHB Zion Jones 0-0: Ball
1-0: SINGLE (Groundball, 6D, EV 101.2 MPH)
Batting: LHB Bob Appleby 0-0: Ball
1-0: Ball
2-0: Ball
3-0: Base on Balls
Zion Jones to second
Batting: SHB Kent Worboys 0-0: Swinging Strike
0-1: Called Strike
0-2: Ball
1-2: Strikes out swinging
Batting: SHB Gary Luckwell 0-0: Ball
1-0: DOUBLE (Line Drive, 9LM, EV 109.4 MPH)
Zion Jones scores
Bob Appleby to third
Batting: RHB Tariq Garane 0-0: Swinging Strike
0-1: Swinging Strike
0-2: Ball
1-2: Fly out, F8 (Flyball, 8LD, EV 105.0 MPH)
Runner from 3rd tags up, SCORES, no throw by CF
Batting: RHB Will England 0-0: Called Strike
0-1: Foul Ball, location: 2F
0-2: Ball
Wild Pitch!
Gary Luckwell to third
1-2: Ground out 4-3 (Groundball, 34D, EV 106.2 MPH)
Top of the 4th over - 2 runs, 2 hits, 0 errors, 1 left on base; University of Nebraska 3 - University of Miami 0
BOTTOM OF THE 4TH
University of Miami Hurricanes batting - Pitching for University of Nebraska Cornhuskers : RHP Bobby Almonte
Batting: RHB C.J. Fleet 0-0: Ball
1-0: SINGLE (Flyball, 34D, EV 90.6 MPH)
Batting: RHB Sam Costello 0-0: Swinging Strike
0-1: Swinging Strike
0-2: Ball
1-2: Ball
2-2: Ball
3-2: SINGLE (Flyball, 8LS, EV 93.8 MPH)
C.J. Fleet to second
Batting: LHB Juan Zuniga 0-0: Foul Ball, location: 2F
0-1: Ball
1-1: Fly out, F4 (Line Drive, 4, EV 72.5 MPH)
Batting: RHB Chris Zubia 0-0: Called Strike
0-1: Foul Ball, location: 2F
0-2: Foul Ball, location: 2F
0-2: Ball
1-2: Ball
2-2: Foul Ball, location: 2F
2-2: Ball
3-2: 3-RUN HOME RUN (Flyball, 7D, EV 95.6 MPH), Distance : 352 ft
Batting: RHB Luis Sanchez 0-0: Ball
1-0: Ball
2-0: Swinging Strike
2-1: Ball
3-1: Foul Ball, location: 2F
3-2: Base on Balls
Pitching: RHP Bastião Barrocas
Batting: SHB Taylor Shelton 0-0: Ball
1-0: Ball
2-0: Called Strike
2-1: Ball
3-1: Base on Balls
Luis Sanchez to second
Batting: LHB Dennis Jones 0-0: Called Strike
0-1: Ball
1-1: Ball
2-1: Foul Ball, location: 2F
2-2: Foul Ball, location: 2F
2-2: Ball
3-2: Base on Balls
Luis Sanchez to third
Taylor Shelton to second
Batting: LHB Addergoole Kartosuwiryo 0-0: Ball
1-0: SINGLE (Groundball, 34S, EV 61.2 MPH) (infield hit)
Luis Sanchez scores
Taylor Shelton to third
Dennis Jones to second
Batting: LHB Jose Lopez 0-0: Called Strike
0-1: Ball
1-1: Foul Ball, location: 2F
1-2: Grounds into double play, 4-6-3 (Groundball, 4, EV 80.6 MPH)
Bottom of the 4th over - 4 runs, 4 hits, 0 errors, 2 left on base; University of Nebraska 3 - University of Miami 4
TOP OF THE 5TH
University of Nebraska Cornhuskers batting - Pitching for University of Miami Hurricanes : RHP Brandon Papa
Batting: RHB Danny Forbes 0-0: Called Strike
0-1: Ball
1-1: Ball
2-1: Swinging Strike
2-2: Strikes out swinging
Batting: RHB Chris Anthony 0-0: Ball
1-0: Called Strike
1-1: Ground out 4-3 (Groundball, 4M, EV 101.9 MPH)
Batting: RHB Nathaniel Adderley 0-0: Ball
1-0: Ball
2-0: Ground out 4-3 (Groundball, 34D, EV 104.4 MPH)
Top of the 5th over - 0 runs, 0 hits, 0 errors, 0 left on base; University of Nebraska 3 - University of Miami 4
BOTTOM OF THE 5TH
University of Miami Hurricanes batting - Pitching for University of Nebraska Cornhuskers : RHP Bastião Barrocas
Batting: RHB C.J. Fleet 0-0: Ground out U3 (Groundball, 34S, EV 76.9 MPH)
Batting: RHB Sam Costello 0-0: Called Strike
0-1: Ground out 6-3 (Groundball, 6M, EV 86.9 MPH)
Batting: LHB Juan Zuniga 0-0: Ball
1-0: Ball
2-0: Ball
3-0: Base on Balls
Batting: RHB Chris Zubia 0-0: Foul Ball, location: 2F
0-1: Swinging Strike
0-2: Ball
1-2: Ball
2-2: Ball
3-2: Ground out 6-3 (Groundball, 6, EV 91.2 MPH)
Bottom of the 5th over - 0 runs, 0 hits, 0 errors, 1 left on base; University of Nebraska 3 - University of Miami 4
TOP OF THE 6TH
University of Nebraska Cornhuskers batting - Pitching for University of Miami Hurricanes : RHP Brandon Papa
Batting: RHB Zion Jones 0-0: Called Strike
0-1: Ball
1-1: Fly out, F9 (Flyball, 9, EV 90.6 MPH)
Pitching: LHP Bill MacDermid
Pinch Hitting: LHB Stu Proulx 0-0: Called Strike
0-1: Ball
1-1: Foul Ball, location: 2F
1-2: Ball
2-2: Ball
3-2: SINGLE (Groundball, 6S, EV 100.0 MPH)
Batting: SHB Kent Worboys 0-0: Ball
Stu Proulx steals 2nd base
1-0: Ball
2-0: Ball
3-0: Base on Balls
Batting: SHB Gary Luckwell 0-0: Fly out, F8 (Flyball, 8LD, EV 86.2 MPH)
Batting: RHB Tariq Garane 0-0: Called Strike
0-1: Fly out, F8 (Line Drive, 8RM, EV 91.2 MPH)
Top of the 6th over - 0 runs, 1 hit, 0 errors, 2 left on base; University of Nebraska 3 - University of Miami 4
BOTTOM OF THE 6TH
University of Miami Hurricanes batting - Pitching for University of Nebraska Cornhuskers : RHP Bastião Barrocas
Now in LF: Stu Proulx
Batting: RHB Luis Sanchez 0-0: Foul Ball, location: 2F
0-1: Foul Ball, location: 2F
0-2: SINGLE (Line Drive, 56D, EV 99.4 MPH)
Batting: SHB Taylor Shelton 0-0: Ball
1-0: SINGLE (Line Drive, 56D, EV 97.5 MPH)
Luis Sanchez to second
Batting: LHB Dennis Jones 0-0: Foul Ball, location: 2F
0-1: Swinging Strike
0-2: Fielders Choice at 2nd, 2-6 (Groundball, 13S, EV 65.6 MPH)
Luis Sanchez to third
Batting: LHB Addergoole Kartosuwiryo 0-0: Called Strike
0-1: Foul Ball, location: 2F
0-2: Strikes out swinging
Batting: LHB Jose Lopez 0-0: Ball
1-0: Ball
2-0: Called Strike
2-1: Ball
3-1: Called Strike
3-2: Strikes out swinging
Bottom of the 6th over - 0 runs, 2 hits, 0 errors, 2 left on base; University of Nebraska 3 - University of Miami 4
TOP OF THE 7TH
University of Nebraska Cornhuskers batting - Pitching for University of Miami Hurricanes : LHP Bill MacDermid
Pitching: RHP Ernie Zepeda
Batting: RHB Will England 0-0: Swinging Strike
0-1: Called Strike
0-2: Ball
1-2: Ball
2-2: Strikes out looking
Batting: RHB Danny Forbes 0-0: Ball
1-0: Called Strike
1-1: Swinging Strike
1-2: Strikes out swinging
Pinch Hitting: RHB Aidan Collet 0-0: Swinging Strike
0-1: Foul Ball, location: 2F
0-2: Ball
1-2: Ball
2-2: Strikes out swinging
Top of the 7th over - 0 runs, 0 hits, 0 errors, 0 left on base; University of Nebraska 3 - University of Miami 4
BOTTOM OF THE 7TH
University of Miami Hurricanes batting - Pitching for University of Nebraska Cornhuskers : RHP Bastião Barrocas
Pitching: LHP Sergio Laureano
Now in CF: Avicenna Abdul-Muta'al
Batting: RHB C.J. Fleet 0-0: Called Strike
0-1: Swinging Strike
0-2: Ball
1-2: Ball
2-2: Ball
3-2: Foul Ball, location: 2F
3-2: Base on Balls
Batting: RHB Sam Costello 0-0: Bunted foul
0-1: Ball
1-1: Bunt missed!
1-2: Ground out 5-3 (Groundball, 56S, EV 71.9 MPH)
C.J. Fleet to second
Batting: LHB Juan Zuniga 0-0: Ball
1-0: Foul Ball, location: 2F
1-1: Ball
2-1: Ball
3-1: SINGLE (Groundball, 34D, EV 99.4 MPH)
C.J. Fleet to third
Batting: RHB Chris Zubia 0-0: Ball
1-0: Foul Ball, location: 2F
1-1: Ball
2-1: Foul Ball, location: 2F
2-2: Ball
3-2: Fly out, F8 (Flyball, 8LM, EV 75.0 MPH)
Runner from 3rd tags up, SCORES, throw by CF
Pitching: LHP Samuel Hulbert
Batting: RHB Luis Sanchez 0-0: Ball
1-0: Ball
Juan Zuniga is caught stealing 2nd base 2-4
Bottom of the 7th over - 1 run, 1 hit, 0 errors, 0 left on base; University of Nebraska 3 - University of Miami 5
TOP OF THE 8TH
University of Nebraska Cornhuskers batting - Pitching for University of Miami Hurricanes : RHP Ernie Zepeda
Pitching: RHP Bobby Edwards
Batting: RHB Nathaniel Adderley 0-0: Ball
1-0: Ball
2-0: Foul Ball, location: 2F
2-1: Ball
3-1: Base on Balls
Batting: RHB Zion Jones 0-0: Called Strike
0-1: Ball
1-1: Ball
2-1: Ball
3-1: Called Strike
3-2: Foul Ball, location: 2F
3-2: Base on Balls
Nathaniel Adderley to second
Batting: LHB Stu Proulx 0-0: Ball
1-0: Ball
2-0: Called Strike
2-1: Fielders Choice at 2nd, 4-6 (Groundball, 4, EV 104.4 MPH)
Nathaniel Adderley to third
Pitching: RHP Matt Pepin
Batting: SHB Kent Worboys 0-0: Ball
1-0: Called Strike
1-1: Grounds into double play, 4-6-3 (Groundball, 4, EV 99.4 MPH)
Top of the 8th over - 0 runs, 0 hits, 0 errors, 1 left on base; University of Nebraska 3 - University of Miami 5
BOTTOM OF THE 8TH
University of Miami Hurricanes batting - Pitching for University of Nebraska Cornhuskers : LHP Samuel Hulbert
Batting: RHB Luis Sanchez 0-0: Fly out, F9 (Flyball, 9, EV 84.4 MPH)
Batting: SHB Taylor Shelton 0-0: Foul Ball, location: 2F
0-1: Ball
1-1: Called Strike
1-2: Foul Ball, location: 2F
1-2: Ball
2-2: Ground out 5-3 (Groundball, 5, EV 102.5 MPH)
Batting: LHB Dennis Jones 0-0: Ball
1-0: Called Strike
1-1: Foul Ball, location: 2F
1-2: Fly out, F8 (Flyball, 8LM, EV 91.9 MPH)
Bottom of the 8th over - 0 runs, 0 hits, 0 errors, 0 left on base; University of Nebraska 3 - University of Miami 5
TOP OF THE 9TH
University of Nebraska Cornhuskers batting - Pitching for University of Miami Hurricanes : RHP Matt Pepin
Pitching: RHP Artemio Santiago
Batting: SHB Gary Luckwell 0-0: Ground out U3 (Groundball, 34S, EV 79.4 MPH)
Batting: RHB Tariq Garane 0-0: Called Strike
0-1: Called Strike
0-2: Fly out, F4 (Line Drive, 4, EV 68.8 MPH)
Pinch Hitting: LHB Lupe Garcia 0-0: Called Strike
0-1: Ball
1-1: Ball
2-1: Called Strike
2-2: Strikes out swinging
Top of the 9th over - 0 runs, 0 hits, 0 errors, 0 left on base; University of Nebraska 3 - University of Miami 5
Tuesday, September 13th , 2022 - OOTP Baseball 23.7 Build 88